TOP OF THE 1ST |
Americus Braves batting - Pitching for Amarillo ThunderHeads : RHP Chris Marrone
|
Pitching: RHP Chris Marrone
|
|
Batting: RHB Mennad Maalik
|
0-0: Ground out U3 (Groundball, 3S, EV 86.9 MPH)
|
Batting: RHB Jose Florez
|
0-0: Foul Ball, location: 2F 0-1: Foul Ball, location: 2F 0-2: Fly out, F7 (Flyball, 7S, EV 83.1 MPH)
|
Batting: SHB Vladimir Guerrero III
|
0-0: Called Strike 0-1: Foul Ball, location: 2F 0-2: Ball 1-2: Strikes out swinging
|
Top of the 1st over - 0 runs, 0 hits, 0 errors, 0 left on base; Americus 0 - Amarillo 0 |
BOTTOM OF THE 1ST |
Amarillo ThunderHeads batting - Pitching for Americus Braves : RHP Matt McGarrity
|
Pitching: RHP Matt McGarrity
|
|
Batting: LHB Carlos Guajardo
|
0-0: Fly out, F8 (Flyball, 8RS, EV 91.9 MPH)
|
Batting: LHB Tony Cisneros
|
0-0: Ball 1-0: Foul Ball, location: 2F 1-1: Ground out 4-3 (Groundball, 4, EV 107.5 MPH)
|
Batting: RHB Eric Camillo
|
0-0: Called Strike 0-1: SOLO HOME RUN (Line Drive, 7LD, EV 95.0 MPH), Distance : 359 ft
|
Batting: LHB Thie Hofmann
|
0-0: Foul Ball, location: 2F 0-1: Ball 1-1: Ground out 6-3 (Groundball, 6MS, EV 85.6 MPH)
|
Bottom of the 1st over - 1 run, 1 hit, 0 errors, 0 left on base; Americus 0 - Amarillo 1 |
TOP OF THE 2ND |
Americus Braves batting - Pitching for Amarillo ThunderHeads : RHP Chris Marrone
|
Batting: RHB Scott Hansen
|
0-0: Ball 1-0: Fly out, F9 (Flyball, 9LSF, EV 90.0 MPH)
|
Batting: RHB Josh Maxwell
|
0-0: Ball 1-0: Swinging Strike 1-1: Swinging Strike 1-2: Strikes out swinging
|
Batting: SHB Chris Morrison
|
0-0: Ball 1-0: Ball 2-0: Foul Ball, location: 2F 2-1: Foul Ball, location: 2F 2-2: Ball 3-2: Base on Balls
|
Batting: LHB Garret Mathis
|
0-0: Called Strike Chris Morrison is caught stealing 2nd base 2-6
|
Top of the 2nd over - 0 runs, 0 hits, 0 errors, 0 left on base; Americus 0 - Amarillo 1 |
BOTTOM OF THE 2ND |
Amarillo ThunderHeads batting - Pitching for Americus Braves : RHP Matt McGarrity
|
Batting: LHB Mike Gruszewski
|
0-0: Called Strike 0-1: SINGLE (Groundball, 34, EV 98.8 MPH)
|
Batting: RHB Jorge Balderama
|
0-0: Foul Ball, location: 2F 0-1: Called Strike 0-2: Ball 1-2: Fly out, F9 (Flyball, 9, EV 93.1 MPH)
|
Batting: RHB Jerry Olson
|
0-0: Swinging Strike 0-1: Foul Ball, location: 2F 0-2: Strikes out swinging
|
Batting: RHB Eddie Vanderjagt
|
0-0: Foul Ball, location: 2F 0-1: SINGLE (Line Drive, 6M, EV 101.9 MPH) Mike Gruszewski to second
|
Batting: RHB Dennis Underwood
|
0-0: Fly out, F8 (Flyball, 8RD, EV 98.8 MPH)
|
Bottom of the 2nd over - 0 runs, 2 hits, 0 errors, 2 left on base; Americus 0 - Amarillo 1 |
TOP OF THE 3RD |
Americus Braves batting - Pitching for Amarillo ThunderHeads : RHP Chris Marrone
|
Batting: LHB Garret Mathis
|
0-0: Called Strike 0-1: Ball 1-1: Ball 2-1: Ball 3-1: Swinging Strike 3-2: Foul Ball, location: 2F 3-2: Ground out 4-3 (Groundball, 4, EV 87.5 MPH)
|
Batting: RHB Ryan Cole
|
0-0: Foul Ball, location: 2F 0-1: Foul Ball, location: 2F 0-2: Foul Ball, location: 2F 0-2: Ball 1-2: Ball 2-2: Foul Ball, location: 2F 2-2: Ball 3-2: SINGLE (Groundball, 6MS, EV 66.2 MPH) (infield hit)
|
Batting: RHB Bill Bethea
|
0-0: Ball Ryan Cole steals 2nd base 1-0: Ball 2-0: Fly out, F7 (Flyball, 7S, EV 84.4 MPH)
|
Batting: RHB Mennad Maalik
|
0-0: Foul Ball, location: 2F 0-1: Ball 1-1: Ball 2-1: SINGLE (Groundball, 6MD, EV 101.2 MPH) Ryan Cole to third Runner from 3rd tries for Home, SAFE, throw by CF to home
|
Batting: RHB Jose Florez
|
0-0: Ball 1-0: Fly out, F7 (Flyball, 78M, EV 94.4 MPH)
|
Top of the 3rd over - 1 run, 2 hits, 0 errors, 1 left on base; Americus 1 - Amarillo 1 |
BOTTOM OF THE 3RD |
Amarillo ThunderHeads batting - Pitching for Americus Braves : RHP Matt McGarrity
|
Batting: LHB Carlos Guajardo
|
0-0: Called Strike 0-1: Foul Ball, location: 2F 0-2: Ball 1-2: Foul Ball, location: 2F 1-2: Ball 2-2: Ball 3-2: Foul Ball, location: 2F 3-2: Ground out 6-3 (Groundball, 6, EV 107.5 MPH)
|
Batting: LHB Tony Cisneros
|
0-0: Foul Ball, location: 2F 0-1: Swinging Strike 0-2: Foul Ball, location: 2F 0-2: DOUBLE (Line Drive, 9LD, EV 107.5 MPH)
|
Batting: RHB Eric Camillo
|
0-0: Foul Ball, location: 2F 0-1: Ball 1-1: Foul Ball, location: 2F 1-2: SINGLE (Flyball, 89S, EV 94.4 MPH) Tony Cisneros to third
|
Batting: LHB Thie Hofmann
|
0-0: Foul Ball, location: 2F 0-1: Ball 1-1: Foul Ball, location: 2F 1-2: Fly out, F8 (Flyball, 8RD, EV 98.1 MPH) Runner from 3rd tags up, SCORES, throw by CF
|
Batting: LHB Mike Gruszewski
|
0-0: Called Strike 0-1: Ball 1-1: Foul Ball, location: 2F 1-2: Strikes out swinging
|
Bottom of the 3rd over - 1 run, 2 hits, 0 errors, 1 left on base; Americus 1 - Amarillo 2 |
TOP OF THE 4TH |
Americus Braves batting - Pitching for Amarillo ThunderHeads : RHP Chris Marrone
|
Batting: SHB Vladimir Guerrero III
|
0-0: Ball 1-0: Ball 2-0: Ball 3-0: Called Strike 3-1: Foul Ball, location: 2F 3-2: Base on Balls
|
Batting: RHB Scott Hansen
|
0-0: Ball 1-0: Called Strike 1-1: Foul Ball, location: 2F 1-2: Ball 2-2: Fielders Choice at 2nd, 1-6 (Groundball, 13, EV 72.5 MPH)
|
Batting: RHB Josh Maxwell
|
0-0: Foul Ball, location: 2F 0-1: Ball 1-1: Called Strike 1-2: Ball 2-2: Foul Ball, location: 2F 2-2: Strikes out swinging
|
Batting: SHB Chris Morrison
|
0-0: Swinging Strike 0-1: Ball 1-1: Ball 2-1: Ball 3-1: Called Strike 3-2: Fly out, F4 (Popup, 34, EV 75.0 MPH)
|
Top of the 4th over - 0 runs, 0 hits, 0 errors, 1 left on base; Americus 1 - Amarillo 2 |
BOTTOM OF THE 4TH |
Amarillo ThunderHeads batting - Pitching for Americus Braves : RHP Matt McGarrity
|
Batting: RHB Jorge Balderama
|
0-0: Called Strike 0-1: Called Strike 0-2: Ball 1-2: Foul Ball, location: 2F 1-2: Foul Ball, location: 2F 1-2: Strikes out swinging
|
Batting: RHB Jerry Olson
|
0-0: Called Strike 0-1: Ball 1-1: Foul Ball, location: 2F 1-2: Ball 2-2: DOUBLE (Flyball, 89XD, EV 90.0 MPH) - OUT at third base trying to stretch hit.
|
Batting: RHB Eddie Vanderjagt
|
0-0: Called Strike 0-1: Ball 1-1: Ball 2-1: Swinging Strike 2-2: Strikes out swinging
|
Bottom of the 4th over - 0 runs, 1 hit, 0 errors, 0 left on base; Americus 1 - Amarillo 2 |
TOP OF THE 5TH |
Americus Braves batting - Pitching for Amarillo ThunderHeads : RHP Chris Marrone
|
Batting: LHB Garret Mathis
|
0-0: Ball 1-0: Foul Ball, location: 2F 1-1: Foul Ball, location: 2F 1-2: Foul Ball, location: 2F 1-2: Ball 2-2: Foul Ball, location: 2F 2-2: Ball 3-2: Base on Balls
|
Batting: RHB Ryan Cole
|
0-0: Swinging Strike 0-1: Foul Ball, location: 2F 0-2: Strikes out swinging
|
Batting: RHB Bill Bethea
|
0-0: Ball 1-0: Called Strike 1-1: Ball 2-1: Grounds into double play, 6-4-3 (Groundball, 56, EV 87.5 MPH)
|
Top of the 5th over - 0 runs, 0 hits, 0 errors, 0 left on base; Americus 1 - Amarillo 2 |
BOTTOM OF THE 5TH |
Amarillo ThunderHeads batting - Pitching for Americus Braves : RHP Matt McGarrity
|
Batting: RHB Dennis Underwood
|
0-0: Ball 1-0: Ball 2-0: Ball 3-0: Called Strike 3-1: Reached on error, E6 (Groundball, 6, EV 86.9 MPH)
|
Batting: LHB Carlos Guajardo
|
0-0: Ball 1-0: Ball 2-0: Foul Ball, location: 2F 2-1: Foul Ball, location: 2F 2-2: Foul Ball, location: 2F 2-2: Ball 3-2: Foul Ball, location: 2F 3-2: Fly out, F9 (Flyball, 9, EV 88.8 MPH)
|
Batting: LHB Tony Cisneros
|
0-0: Ball 1-0: Swinging Strike 1-1: Foul Ball, location: 2F 1-2: Foul Ball, location: 2F 1-2: Strikes out looking
|
Batting: RHB Eric Camillo
|
0-0: Swinging Strike 0-1: Foul Ball, location: 2F 0-2: Ball 1-2: Fielders Choice at 2nd, 5-4 (Groundball, 5, EV 93.1 MPH)
|
Bottom of the 5th over - 0 runs, 0 hits, 1 error, 1 left on base; Americus 1 - Amarillo 2 |
TOP OF THE 6TH |
Americus Braves batting - Pitching for Amarillo ThunderHeads : RHP Chris Marrone
|
Pitching: RHP Jose Ramirez
|
|
Batting: RHB Mennad Maalik
|
0-0: Foul Ball, location: 2F 0-1: Ball 1-1: Ball 2-1: Ball 3-1: Foul Ball, location: 2F 3-2: Base on Balls
|
Pinch Hitting: RHB Bill Horne
|
0-0: Ball Mennad Maalik steals 2nd base 1-0: Ball 2-0: Fly out, F9 (Line Drive, 9, EV 98.1 MPH)
|
Batting: SHB Vladimir Guerrero III
|
0-0: Ball 1-0: Called Strike 1-1: Ball 2-1: Foul Ball, location: 2F 2-2: Ball 3-2: Foul Ball, location: 2F 3-2: SINGLE (Groundball, 4MD, EV 106.9 MPH) Mennad Maalik to third Runner from 3rd tries for Home, SAFE, throw by CF to home Vladimir Guerrero III to second
|
Batting: RHB Scott Hansen
|
0-0: Swinging Strike 0-1: Ball 1-1: Foul Ball, location: 2F 1-2: Ball 2-2: Ball 3-2: Base on Balls
|
Batting: RHB Josh Maxwell
|
0-0: Called Strike 0-1: Ball 1-1: Foul Ball, location: 2F 1-2: Strikes out swinging
|
Pitching: RHP Javier Chavez
|
|
Batting: SHB Chris Morrison
|
0-0: Called Strike 0-1: Called Strike 0-2: Strikes out swinging
|
Top of the 6th over - 1 run, 1 hit, 0 errors, 2 left on base; Americus 2 - Amarillo 2 |
BOTTOM OF THE 6TH |
Amarillo ThunderHeads batting - Pitching for Americus Braves : RHP Matt McGarrity
|
Now at 3B: Wilson Salgado
|
|
Batting: LHB Thie Hofmann
|
0-0: Foul Ball, location: 2F 0-1: Foul Ball, location: 2F 0-2: Fly out, F7 (Flyball, 78M, EV 93.1 MPH)
|
Batting: LHB Mike Gruszewski
|
0-0: Called Strike 0-1: Foul Ball, location: 2F 0-2: Ball 1-2: Ground out 4-3 (Groundball, 34, EV 89.4 MPH)
|
Batting: RHB Jorge Balderama
|
0-0: Ground out 5-3 (Groundball, 5, EV 83.8 MPH)
|
Bottom of the 6th over - 0 runs, 0 hits, 0 errors, 0 left on base; Americus 2 - Amarillo 2 |
TOP OF THE 7TH |
Americus Braves batting - Pitching for Amarillo ThunderHeads : RHP Javier Chavez
|
Batting: LHB Garret Mathis
|
0-0: Foul Ball, location: 2F 0-1: Ball 1-1: Foul Ball, location: 2F 1-2: Ball 2-2: Ball 3-2: Foul Ball, location: 2F 3-2: Ground out 6-3 (Groundball, 6, EV 86.9 MPH)
|
Batting: RHB Ryan Cole
|
0-0: Ball 1-0: Ball 2-0: SINGLE (Groundball, 6MD, EV 108.8 MPH)
|
Batting: RHB Bill Bethea
|
0-0: Ball 1-0: Grounds into double play, 6-4-3 (Groundball, 6MS, EV 79.4 MPH)
|
Top of the 7th over - 0 runs, 1 hit, 0 errors, 0 left on base; Americus 2 - Amarillo 2 |
BOTTOM OF THE 7TH |
Amarillo ThunderHeads batting - Pitching for Americus Braves : RHP Matt McGarrity
|
Batting: RHB Jerry Olson
|
0-0: Fly out, F9 (Flyball, 9, EV 91.2 MPH)
|
Batting: RHB Eddie Vanderjagt
|
0-0: Called Strike 0-1: Called Strike 0-2: Strikes out swinging
|
Batting: RHB Dennis Underwood
|
0-0: Ball 1-0: Foul Ball, location: 2F 1-1: Foul Ball, location: 2F 1-2: Strikes out looking
|
Bottom of the 7th over - 0 runs, 0 hits, 0 errors, 0 left on base; Americus 2 - Amarillo 2 |
TOP OF THE 8TH |
Americus Braves batting - Pitching for Amarillo ThunderHeads : RHP Javier Chavez
|
Batting: RHB Mennad Maalik
|
0-0: Foul Ball, location: 2F 0-1: Ball 1-1: Swinging Strike 1-2: Reached on error, E5 (Groundball, 56S, EV 85.0 MPH)
|
Batting: RHB Wilson Salgado
|
0-0: Bunt - Flyout to P! F1
|
Batting: SHB Vladimir Guerrero III
|
0-0: Ball 1-0: Called Strike Mennad Maalik steals 2nd base 1-1: Swinging Strike 1-2: Ball 2-2: Fly out, F7 (Flyball, 78M, EV 95.0 MPH)
|
Batting: RHB Scott Hansen
|
0-0: Ball 1-0: Ball 2-0: Ball 3-0: Called Strike 3-1: Ground out 4-3 (Groundball, 4S, EV 81.2 MPH)
|
Top of the 8th over - 0 runs, 0 hits, 1 error, 1 left on base; Americus 2 - Amarillo 2 |
BOTTOM OF THE 8TH |
Amarillo ThunderHeads batting - Pitching for Americus Braves : RHP Matt McGarrity
|
Batting: LHB Carlos Guajardo
|
0-0: Called Strike 0-1: Ball 1-1: Swinging Strike 1-2: Ground out 4-3 (Groundball, 4MS, EV 78.1 MPH)
|
Batting: LHB Tony Cisneros
|
0-0: Called Strike 0-1: Ground out 4-3 (Groundball, 4, EV 84.4 MPH)
|
Batting: RHB Eric Camillo
|
0-0: Swinging Strike 0-1: Ball 1-1: Foul Ball, location: 2F 1-2: Foul Ball, location: 2F 1-2: SINGLE (Groundball, 4MD, EV 104.4 MPH)
|
Pitching: LHP Pat Cusick
|
|
Batting: RHB Ray Travis
|
0-0: Ball 1-0: Ball 2-0: Ball 3-0: Called Strike 3-1: SINGLE (Line Drive, 9S, EV 105.6 MPH) Eric Camillo to second
|
Pinch Runner at 2nd Adrian Quilantan:
|
|
Batting: LHB Mike Gruszewski
|
0-0: Called Strike 0-1: Called Strike 0-2: Strikes out swinging
|
Bottom of the 8th over - 0 runs, 2 hits, 0 errors, 2 left on base; Americus 2 - Amarillo 2 |
TOP OF THE 9TH |
Americus Braves batting - Pitching for Amarillo ThunderHeads : RHP Javier Chavez
|
Now at 1B: Shi-fu Cuan
|
|
Batting: RHB Josh Maxwell
|
0-0: Called Strike 0-1: Foul Ball, location: 2F 0-2: Ball 1-2: Fly out, F9 (Flyball, 9, EV 91.2 MPH)
|
Batting: SHB Chris Morrison
|
0-0: Foul Ball, location: 2F 0-1: Ball 1-1: Swinging Strike 1-2: Foul Ball, location: 2F 1-2: Strikes out swinging
|
Batting: LHB Garret Mathis
|
0-0: Ball 1-0: Called Strike 1-1: Ball 2-1: Ball 3-1: Foul Ball, location: 2F 3-2: Foul Ball, location: 2F 3-2: Fly out, F4 (Popup, 4, EV 73.1 MPH)
|
Top of the 9th over - 0 runs, 0 hits, 0 errors, 0 left on base; Americus 2 - Amarillo 2 |
BOTTOM OF THE 9TH |
Amarillo ThunderHeads batting - Pitching for Americus Braves : LHP Pat Cusick
|
Batting: RHB Jorge Balderama
|
0-0: Ball 1-0: Swinging Strike 1-1: Ball 2-1: Ball 3-1: Base on Balls
|
Batting: RHB Jerry Olson
|
0-0: Ball 1-0: SINGLE (Flyball, 89S, EV 87.5 MPH) Jorge Balderama to second
|
Batting: RHB Eddie Vanderjagt
|
0-0: Called Strike 0-1: Foul Ball, location: 2F 0-2: Ball 1-2: Fly out, F9 (Line Drive, 89S, EV 95.0 MPH)
|
Pinch Hitting: RHB Nick Hernandes
|
0-0: Called Strike 0-1: Called Strike 0-2: Foul Ball, location: 2F 0-2: Foul Ball, location: 2F 0-2: Grounds into double play, 1-6-3 (Groundball, 13S, EV 72.5 MPH)
|
Bottom of the 9th over - 0 runs, 1 hit, 0 errors, 1 left on base; Americus 2 - Amarillo 2 |
TOP OF THE 10TH |
Americus Braves batting - Pitching for Amarillo ThunderHeads : RHP Javier Chavez
|
Pitching: RHP Adam Montag
|
|
Now at C: Ovidiu Kober
|
|
Batting: RHB Ryan Cole
|
0-0: Ball 1-0: SINGLE (Groundball, 34D, EV 96.2 MPH)
|
Batting: RHB Bill Bethea
|
0-0: Ball 1-0: Swinging Strike 1-1: Ball 2-1: Foul Ball, location: 2F 2-2: Ball 3-2: Foul Ball, location: 2F 3-2: Base on Balls Ryan Cole to second
|
Batting: RHB Mennad Maalik
|
0-0: Bunt - Flyout to 3S! F3
|
Batting: RHB Wilson Salgado
|
0-0: Ball 1-0: Ball 2-0: Fly out, F6 (Popup, 6D, EV 65.0 MPH)
|
Batting: SHB Vladimir Guerrero III
|
0-0: Foul Ball, location: 2F 0-1: Foul Ball, location: 2F 0-2: Ball 1-2: Ball 2-2: Foul Ball, location: 2F 2-2: Ground out U3 (Groundball, 3, EV 103.1 MPH)
|
Top of the 10th over - 0 runs, 1 hit, 0 errors, 2 left on base; Americus 2 - Amarillo 2 |
BOTTOM OF THE 10TH |
Amarillo ThunderHeads batting - Pitching for Americus Braves : LHP Pat Cusick
|
Pitching: RHP Justus Gonzales
|
|
Batting: LHB Carlos Guajardo
|
0-0: Ball 1-0: Called Strike 1-1: Ball 2-1: Foul Ball, location: 2F 2-2: Ball 3-2: Base on Balls
|
Batting: LHB Tony Cisneros
|
0-0: Bunted foul 0-1: Bunted foul 0-2: Ball 1-2: Ball 2-2: Foul Ball, location: 2F 2-2: Ball 3-2: Strikes out swinging
|
Batting: RHB Shi-fu Cuan
|
0-0: Called Strike Carlos Guajardo is caught stealing 2nd base 2-4 0-1: Ball 1-1: Ground out 6-3 (Groundball, 6D, EV 78.1 MPH)
|
Bottom of the 10th over - 0 runs, 0 hits, 0 errors, 0 left on base; Americus 2 - Amarillo 2 |
TOP OF THE 11TH |
Americus Braves batting - Pitching for Amarillo ThunderHeads : RHP Adam Montag
|
Batting: RHB Scott Hansen
|
0-0: Foul Ball, location: 2F 0-1: Ball 1-1: Called Strike 1-2: Foul Ball, location: 2F 1-2: Foul Ball, location: 2F 1-2: Ball 2-2: Ground out 5-3 (Groundball, 56S, EV 82.5 MPH)
|
Batting: RHB Josh Maxwell
|
0-0: Ball 1-0: Ball 2-0: Called Strike 2-1: Called Strike 2-2: Strikes out swinging
|
Pitching: RHP Neil Coutee
|
|
Batting: SHB Chris Morrison
|
0-0: Fly out, F3 (Line Drive, 3L, EV 71.9 MPH)
|
Top of the 11th over - 0 runs, 0 hits, 0 errors, 0 left on base; Americus 2 - Amarillo 2 |
BOTTOM OF THE 11TH |
Amarillo ThunderHeads batting - Pitching for Americus Braves : RHP Justus Gonzales
|
Batting: RHB Ray Travis
|
0-0: Foul Ball, location: 2F 0-1: SINGLE (Groundball, 6MD, EV 107.5 MPH)
|
Batting: LHB Mike Gruszewski
|
0-0: Ball 1-0: Foul Ball, location: 2F 1-1: Swinging Strike 1-2: Ball 2-2: Strikes out swinging
|
Batting: RHB Jorge Balderama
|
0-0: Ball 1-0: Ball 2-0: Ball 3-0: Base on Balls Ray Travis to second
|
Batting: RHB Jerry Olson
|
0-0: Called Strike 0-1: Ball 1-1: Swinging Strike 1-2: Ball 2-2: Ball 3-2: Strikes out swinging
|
Batting: RHB Eddie Vanderjagt
|
0-0: Fielders Choice at 2nd, 6-4 (Groundball, 6, EV 87.5 MPH)
|
Bottom of the 11th over - 0 runs, 1 hit, 0 errors, 2 left on base; Americus 2 - Amarillo 2 |
TOP OF THE 12TH |
Americus Braves batting - Pitching for Amarillo ThunderHeads : RHP Neil Coutee
|
Batting: LHB Garret Mathis
|
0-0: Ball 1-0: Foul Ball, location: 2F 1-1: Swinging Strike 1-2: Ball 2-2: Ball 3-2: Fly out, F9 (Flyball, 9, EV 86.2 MPH)
|
Batting: RHB Ryan Cole
|
0-0: Ball 1-0: Ball 2-0: Ball 3-0: Called Strike 3-1: Foul Ball, location: 2F 3-2: Ground out U3 (Groundball, 3, EV 93.8 MPH)
|
Pinch Hitting: RHB Juan Barela
|
0-0: Called Strike 0-1: Called Strike 0-2: Strikes out swinging
|
Top of the 12th over - 0 runs, 0 hits, 0 errors, 0 left on base; Americus 2 - Amarillo 2 |
BOTTOM OF THE 12TH |
Amarillo ThunderHeads batting - Pitching for Americus Braves : RHP Justus Gonzales
|
Pitching: RHP John Ekdar
|
|
Now at C: Chris Foss
|
|
Batting: RHB Ovidiu Kober
|
0-0: Called Strike 0-1: Ball 1-1: Foul Ball, location: 2F 1-2: Ground out 1-3 (Groundball, 23, EV 70.6 MPH)
|
Batting: LHB Carlos Guajardo
|
0-0: Ball 1-0: Called Strike 1-1: Ball 2-1: Ball 3-1: Called Strike 3-2: SOLO HOME RUN (Flyball, 9LD, EV 91.9 MPH), Distance : 331 ft
|
Bottom of the 12th over - 1 run, 1 hit, 0 errors, 0 left on base; Americus 2 - Amarillo 3 |
|